 Dungeon Crawl Stone Soup version 0.30-b1-5-g8e6c1be481 (webtiles) character file.

Game seed: 7593954392351991286

5608 Cheops the Brawler (level 10, -2/81 HPs)
             Began as a Ghoul Monk on May 4, 2023.
             Was an Elder of Wu Jian.
             Killed by the air
             ... invoked by Gastronok
              (21 damage)
             ... on level 8 of the Dungeon.
             The game lasted 00:14:23 (7196 turns).

Cheops the Brawler (Ghoul Monk)                     Turns: 7196, Time: 00:14:26

Health: -2/81      AC: 10    Str: 26    XL:     10   Next: 73%
Magic:  18/18      EV: 12    Int:  5    God:    Wu Jian [****..]
Gold:   406        SH:  0    Dex: 11    Spells: 9/9 levels left

rFire   . .          .
                       - Unarmed
rCold   + . .        c - orb {light}
rNeg    + + +        w - +0 ring mail
rPois   ∞            (no helmet)
rElec   .            g - +2 cloak
rCorr   .            (no gloves)
SInv    .            y - +0 pair of boots
Will    .....        t - amulet of the acrobat Stlth
                     r - +6 ring of strength
HPRegen 0.00/turn    l - ring of magical power
MPRegen 0.16/turn

%: acrobat
@: inhibited regen, glowing
A: claws 1, cold resistance 1, negative energy resistance 3, inhibited
regeneration, torment resistance 2, devour on kill
a: Renounce Religion, Wall Jump, Serpent's Lash


You were on level 8 of the Dungeon.
You worshipped Wu Jian.
Wu Jian was greatly pleased with you.
You visited 1 branch of the dungeon, and saw 8 of its levels.

You collected 518 gold pieces.
You spent 112 gold pieces at shops.

Inventory:

Armour
 a - a +0 robe
 c - an orb of light (worn)
 g - a +2 cloak (worn)
 w - a +0 ring mail (worn)
 y - a +0 pair of boots (worn)
Jewellery
 d - a ring of see invisible
 l - a ring of magical power (right claw)
 n - a ring of wizardry
 r - a +6 ring of strength (left claw)
 t - an amulet of the acrobat (around neck)
Wands
 m - a wand of acid (5)
Scrolls
 i - 2 scrolls of vulnerability
 j - 6 scrolls of teleportation
 o - 4 scrolls of magic mapping
 p - 2 scrolls of poison
 q - 2 scrolls of fear
 u - a scroll of fog
 x - 2 scrolls of enchant armour
 B - a scroll of blinking
 C - a scroll of immolation
Potions
 b - 3 potions of ambrosia
 e - 2 potions of resistance {unknown}
 f - a potion of lignification {unknown}
 h - 3 potions of brilliance {unknown}
 k - 2 potions of haste
 s - 3 potions of curing
 v - 4 potions of flight {unknown}
 z - 3 potions of might {unknown}
 A - a potion of attraction


   Skills:
 - Level 5.0 Fighting
 - Level 5.0 Armour
 - Level 4.0 Dodging
 * Level 15.0 Unarmed Combat
 + Level 2.0 Evocations


You had 9 spell levels left.
You didn't know any spells.
Your spell library contained the following spells:

 Spells                   Type           Power      Damage    Failure   Level
 Freeze                   Ice            0%         1d3       61%         1
 Shock                    Conj/Air       0%         1d3       61%         1
 Blink                    Tloc           0%         N/A       75%         2
 Lesser Beckoning         Tloc           0%         N/A       75%         2
 Momentum Strike          Conj/Tloc      0%         3d8       75%         2
 Dazzling Flash           Conj/Hex       0%         N/A       93%         3
 Frozen Ramparts          Ice            0%         1d1       93%         3
 Hailstorm                Conj/Ice       0%         3d3       93%         3
 Ozocubu's Armour         Ice            0%         N/A       93%         3
 Swiftness                Air            0%         N/A       93%         3
 Volatile Blastmotes      Fire/Tloc      0%         2d10      93%         3
 Airstrike                Air            0%         2d(0-16)  100%        4
 Iskenderun's Mystic Bla  Conj/Tloc      0%         2d3       100%        4
 Simulacrum               Ice/Necr       0%         N/A       100%        6
 Starburst                Conj/Fire      0%         6d3       100%        6
 Ozocubu's Refrigeration  Ice            0%         4d7       100%        7
 Ice Form                 Ice/Tmut       Unusable   N/A       N/A         4

Dungeon Overview and Level Annotations

Branches:
Dungeon (8/15)             Temple (0/1) D:6            Lair (0/5) D:8

Altars:
Fedhas
Hepliaklqana
Kikubaaqudgha
Qazlal
Vehumet
Wu Jian
Yredelemnul

Shops:
D:3 !

Annotations:
D:8 Gastronok


Innate Abilities, Weirdness & Mutations

You are immune to poison.
You have sharp fingernails.
Your flesh is cold resistant. (rC+)
You are immune to negative energy. (rN+++)
You do not regenerate when monsters are visible.
You are immune to unholy pain and torment.
You thrive by killing the living.


Message History

Gastronok is heavily wounded.
Gastronok bites you!!
You scratch Gastronok.
Gastronok is heavily wounded.
You mangle Gastronok!!
Gastronok is heavily wounded.
Gastronok bites you!!
* * * LOW HITPOINT WARNING * * *
You are too injured to fight recklessly!
You are too injured to fight recklessly!
You are too injured to fight recklessly!
You are too injured to fight recklessly!
You are too injured to fight recklessly!
You are too injured to fight recklessly!
You are too injured to fight recklessly!
You are too injured to fight recklessly!
You are too injured to fight recklessly!
You are too injured to fight recklessly!
You are too injured to fight recklessly!
You are too injured to fight recklessly!
You are too injured to fight recklessly!
You are too injured to fight recklessly!
You are too injured to fight recklessly!
You are too injured to fight recklessly!
You are too injured to fight recklessly!
Unknown command.
Gastronok gurgles, "It's true, you are what you eat."
Aiming: Corrosive Bolt
Press: ? - help, Shift-Dir - straight line, f - Gastronok
Aim: Gastronok, wearing a +2 hat (heavily wounded, haloed, 100% to hit)
The bolt of acid hits Gastronok!
Gastronok is severely wounded.
Aiming: Corrosive Bolt
Press: ? - help, Shift-Dir - straight line, f/p - Gastronok
Aim: Gastronok, wearing a +2 hat (severely wounded, haloed, 100% to hit)
The bolt of acid hits Gastronok.
The acid corrodes Gastronok!
Gastronok is severely wounded.
Gastronok waves his eye-stalks in wide circles.
The air twists around and strikes you!!
You die...

#.# #. ###.#
#...# #.###
#.# # #.# #
#.# ##
#.#########!#
#.
#@..w..?....#
##.
###########.#
#.. #[.
#.####..
#.......
#.###### # #


You could see Gastronok (corroded).

Vanquished Creatures
  A two-headed ogre (D:8)
  Pikel (D:7)
  A kobold demonologist (D:7)
  Prince Ribbit (D:6)
  Sigmund (D:5)
  A yak (D:8)
  A wyvern (D:7)
  A steam dragon (D:7)
  2 water moccasins (D:8)
  An orc warrior (D:8)
  3 ice beasts
  2 sky beasts
  3 ogres
  3 centaurs
  A lemure (D:7)
  3 phantoms
  A kobold brigand (D:7)
  4 bullfrogs
  A scorpion (D:4)
  9 wights (D:8)
  5 killer bees (D:7)
  4 howler monkeys
  A gnoll bouda (D:6)
  2 orc priests
  2 hounds (D:6)
  2 jellies
  4 iguanas
  3 sleepcaps
  5 orc wizards
  7 gnolls
  14 adders
  A shadow imp (D:3)
  A white imp (D:6)
  2 ufetubi
  A worm (D:3)
  3 dart slugs
  19 orcs
  9 endoplasms
  5 giant cockroaches
  14 goblins
  3 hobgoblins
  8 jackals
  2 quokkas (D:2)
  14 ball pythons
  4 bats
  5 frilled lizards
  26 kobolds
  6 rats
  A spectral orc (D:7)
214 creatures vanquished.

Vanquished Creatures (others)
  4 fungi (D:8)
  13 plants
17 creatures vanquished.

Grand Total: 231 creatures vanquished

Notes
Turn   | Place    | Note
-------+----------+-------------------------------------------
     0 | D:1      | Cheops the Ghoul Monk began the quest for the Orb.
     0 | D:1      | Reached XP level 1. HP: 19/19 MP: 0/0
    67 | D:1      | Reached XP level 2. HP: 26/26 MP: 1/1
   171 | D:1      | Reached skill level 4 in Unarmed Combat
   289 | D:1      | Found Kabuvapeus's Antique Weapon Shoppe.
   357 | D:1      | Reached XP level 3. HP: 31/31 MP: 2/2
  1023 | D:2      | Reached XP level 4. HP: 38/38 MP: 3/3
  1172 | D:3      | Found a blossoming altar of Fedhas.
  1220 | D:3      | Noticed an ice beast
  1229 | D:3      | Killed an ice beast
  1230 | D:3      | Reached skill level 5 in Unarmed Combat
  1230 | D:3      | Reached XP level 5. HP: 22/45 MP: 4/4
  1414 | D:3      | Found Letuah Juun's Distillery.
  1418 | D:3      | Bought a potion of heal wounds for 70 gold pieces
  1418 | D:3      | Bought a potion of curing for 42 gold pieces
  1505 | D:3      | Found a faded altar of an unknown god.
  1546 | D:3      | Reached skill level 6 in Unarmed Combat
  1559 | D:3      | Reached XP level 6. HP: 12/51 MP: 5/5
  1815 | D:3      | Found an ornate altar of the Wu Jian Council.
  1824 | D:3      | Became a worshipper of the Wu Jian Council
  1824 | D:3      | Reached * piety under Wu Jian
  1824 | D:3      | Reached ** piety under Wu Jian
  1910 | D:3      | Found an ancient bone altar of Kikubaaqudgha.
  2437 | D:4      | Reached skill level 7 in Unarmed Combat
  2577 | D:4      | Reached XP level 7. HP: 58/59 MP: 6/6
  3355 | D:5      | Entered Level 5 of the Dungeon
  3470 | D:5      | Reached skill level 8 in Unarmed Combat
  3587 | D:5      | Found a radiant altar of Vehumet.
  3608 | D:5      | Reached skill level 5 in Fighting
  3609 | D:5      | Reached XP level 8. HP: 64/68 MP: 7/7
  3868 | D:5      | Noticed Sigmund
  3875 | D:5      | Killed Sigmund
  3876 | D:5      | Reached skill level 9 in Unarmed Combat
  4155 | D:6      | Reached skill level 10 in Unarmed Combat
  4155 | D:6      | Reached *** piety under Wu Jian
  4348 | D:6      | Found a staircase to the Ecumenical Temple.
  4465 | D:6      | Noticed Prince Ribbit
  4789 | D:6      | Reached skill level 11 in Unarmed Combat
  4911 | D:6      | Killed Prince Ribbit
  4912 | D:6      | Reached XP level 9. HP: 61/74 MP: 8/8
  5203 | D:6      | Found a hazy altar of Hepliaklqana.
  5213 | D:6      | Found a stormy altar of Qazlal.
  5488 | D:7      | Reached skill level 12 in Unarmed Combat
  5715 | D:7      | Reached skill level 1 in Armour
  6000 | D:7      | Reached **** piety under Wu Jian
  6082 | D:7      | Reached skill level 13 in Unarmed Combat
  6286 | D:7      | Found a basalt altar of Yredelemnul.
  6315 | D:7      | Noticed Pikel
  6323 | D:7      | Noticed a kobold demonologist
  6325 | D:7      | Killed Pikel
  6326 | D:7      | Reached XP level 10. HP: 74/81 MP: 9/9
  6333 | D:7      | Noticed a soul eater
  6334 | D:7      | Killed a kobold demonologist
  6711 | D:8      | Noticed a two-headed ogre
  6720 | D:8      | Killed a two-headed ogre
  6721 | D:8      | Reached skill level 14 in Unarmed Combat
  6851 | D:8      | Found a staircase to the Lair.
  6853 | D:8      | Reached skill level 5 in Armour
  6985 | D:8      | Reached skill level 1 in Evocations
  7158 | D:8      | Reached skill level 15 in Unarmed Combat
  7182 | D:8      | Noticed Gastronok
  7196 | D:8      | Killed from afar by Gastronok

Illustrated notes

Levels and vault maps discovered:
D:1:      dpeg_arrival_long_road, layout_rooms, serial_shops,
          nicolae_shop_just_a_little_nook
D:2:      layout_rooms, minmay_hedge_maze
D:3:      minmay_inner_zag, layout_basic, mainiacjoe_overflow_alcove_1,
          lemuel_crystal_altar, nicolae_kikubaaqudgha_miasma_corner,
          serial_shops, shop, hellmonk_ecumenical_altar_arch_garden,
          nicolae_half_adder
D:4:      layout_basic
D:5:      layout_loops_ring, fiery_altar_vehumet, st_stairs_7, uniq_sigmund
D:6:      layout_cave_pods, minitemple, minmay_temple_entry_offerings,
          uniq_prince_ribbit1
D:7:      kennysheep_kobold_camp, layout_basic,
          yredelemnul_forgotten_temple_becter, kennysheep_cluttered_room,
          uniq_pikel
D:8:      layout_loops_ring, grunt_lair_entry_orc_guard_hut, uniq_gastronok

Skill      XL: |  1  2  3  4  5  6  7  8  9 10 |
---------------+-------------------------------+-----
Unarmed Combat | 4 5 6 7 8 11 13 15 | 15.0
Dodging        | 3 4 |  4.0
Fighting       | 4 5 |  5.0
Armour         | 3 5 |  5.0
Evocations     | 2 |  2.0

Action                     |  1- 3 |  4- 6 |  7- 9 | 10-12 || total
---------------------------+-------+-------+-------+-------++-------
  Melee: Unarmed           |    90 |   140 |   293 |    78 ||   601
Ability: Lunge             |       |     7 |    25 |    10 ||    42
         Whirlwind         |       |       |    17 |       ||    17
         Wall Jump         |       |       |    11 |     2 ||    13
  Evoke: Wand              |       |       |       |     2 ||     2
    Use: Scroll            |       |       |    10 |     2 ||    12
         Potion            |       |       |     2 |       ||     2
 Armour: Robe              |    22 |    27 |       |       ||    49
         Ring mail         |       |     9 |   101 |    31 ||   141
  Dodge: Dodged            |    59 |    72 |   185 |    33 ||   349
